 Dungeon Crawl Stone Soup version 0.24.0-123-gd5b16e6ec5 (webtiles) character file.

Game seed: 17218336023486800781, levelgen mode: deterministic

634 FishyPogo the Ducker (level 7, -2/45 HPs)
             Began as a Halfling Skald on Jan 12, 2020.
             Was an Initiate of Makhleb.
             Splashed by a jelly's acid (5 damage)
             ... on level 5 of the Dungeon.
             The game lasted 00:24:03 (4375 turns).

FishyPogo the Ducker (Halfling Skald)               Turns: 4375, Time: 00:24:03

Health: -2/45      AC: 11    Str: 13    XL:     7   Next: 79%
Magic:  10/10      EV: 17    Int: 16    God:    Makhleb [......]
Gold:   280        SH:  0    Dex: 15    Spells: 1/10 levels left

rFire    . . .     SeeInvis .   w - +0 dagger (protect)
rCold    . . .     Gourm    .   (shield restricted)
rNeg     . . .     Faith    .   g - +2 robe {MR+}
rPois    .         Spirit   .   l - +0 helmet
rElec    .         Reflect  .   (no cloak)
rCorr    .         Harm     .   (no gloves)
MR       ++...                  z - +2 pair of boots
Stlth    +.........             (no amulet)
HPRegen  0.15/turn              m - ring of protection from magic
MPRegen  0.12/turn              x - +5 ring of intelligence

@: corroded, protection aura, starving
A: small, mutation resistance 1
a: Renounce Religion


You were on level 5 of the Dungeon.
You worshipped Makhleb.
Makhleb was noncommittal.
You were starving.

You visited 1 branch of the dungeon, and saw 5 of its levels.

You collected 280 gold pieces.

Inventory:

Hand Weapons
 a - a +0 dagger of draining
 b - a +0 hunting sling
 w - a +0 dagger of protection (weapon)
Missiles
 c - 131 stones
 h - 6 atropa-tipped darts
 r - 5 poisoned darts (quivered)
Armour
 g - a +2 robe of magic resistance (worn)
 j - a +0 robe of magic resistance
 l - a +0 helmet (worn)
 v - a +0 leather armour
 z - a +2 pair of boots (worn)
Jewellery
 m - a ring of protection from magic (left hand)
 x - a +5 ring of intelligence (right hand)
Scrolls
 e - a scroll of random uselessness {unknown}
 f - a scroll of magic mapping {unknown}
 i - a scroll of remove curse {unknown}
 k - 4 scrolls of identify {unknown}
 n - 2 scrolls of fear {unknown}
 p - a scroll of fog {unknown}
 q - a scroll of immolation {unknown}
 s - a scroll of enchant weapon {unknown}
 t - 2 scrolls of teleportation {unknown}
 u - a scroll of blinking {unknown}
 y - a scroll of enchant armour {unknown}
Potions
 o - a potion of might
Comestibles
 d - 5 rations


   Skills:
 + Level 2.6 Fighting
 + Level 4.1 Short Blades
 - Level 2.0 Armour
 * Level 4.9 Dodging
 + Level 2.4 Spellcasting
 + Level 1.2 Hexes
 + Level 4.6 Charms
 - Level 2.0 Necromancy
 - Level 1.0 Translocations


You had one spell level left.
You knew the following spells:

 Your Spells              Type           Power        Failure   Level  Hunger
h - Regeneration          Chrm/Necr      ##........   16%         3    ###....
n - Spectral Weapon       Hex/Chrm       ##......     19%         3    ###....
p - Shroud of Golubria    Chrm/Tloc      ##....       10%         2    ###....
y - Infusion              Chrm           ###.         3%          1    #......

Your spell library contained the following spells:

 Spells                   Type           Power        Failure   Level  Hunger
 Song of Slaying          Chrm           ###.....     4%          2    ###....


Dungeon Overview and Level Annotations

Branches:
Dungeon (5/15)
 Temple: D:4-7

Altars:
Makhleb
Vehumet
Yredelemnul


Innate Abilities, Weirdness & Mutations

You are small and have problems with some larger weapons.
You are somewhat resistant to further mutation.


Message History

You kill the leopard gecko!
Makhleb accepts your kill. The jelly hits you but does no damage.
You hit the jelly but do no damage. The acid corrodes you!
Your hands burn!
* * * LOW HITPOINT WARNING * * *
The jelly closely misses you.
You hit the jelly but do no damage.
Your hands burn!
* * * LOW HITPOINT WARNING * * *
The jelly closely misses you.
You hit the jelly but do no damage.
Your hands burn!
* * * LOW HITPOINT WARNING * * *
The jelly closely misses you.
You hit the jelly but do no damage.
Your hands burn!
* * * LOW HITPOINT WARNING * * *
The jelly hits you but does no damage.
You hit the jelly.
Your hands burn!
* * * LOW HITPOINT WARNING * * *
The jelly is lightly wounded.
You hit the jelly but do no damage.
Your hands burn!
You die...

#......# .#
###....# #.##
####.#
###$..### #.#
#...#...o
#.###.#....##
#.....%......
#####.####.##
#.####.###
#.@J......
###...####
...# ...#
..... .....#
.......
....#.#


You could see a jelly.

Vanquished Creatures
  Duvessa (D:4)
  Dowan (D:4)
  A scorpion (D:4)
  A crimson imp (D:4)
  4 orc wizards
  Jessica (D:3)
  4 worker ants
  A gnoll (D:2)
  8 adders
  3 dart slugs
  2 leopard geckos
  2 orcs
  A ball python (D:3)
  8 bats
  5 giant cockroaches
  10 goblins
  8 hobgoblins
  3 jackals (D:4)
  10 kobolds
  4 frilled lizards
  A jackal skeleton (D:4)
  7 rats
86 creatures vanquished.

Vanquished Creatures (others)
  A spectral weapon (D:4)
1 creature vanquished.

Grand Total: 87 creatures vanquished

Notes
Turn   | Place    | Note
-------+----------+-------------------------------------------
     0 | D:1      | FishyPogo the Halfling Skald began the quest for the Orb.
     0 | D:1      | Reached XP level 1. HP: 14/14 MP: 3/3
   101 | D:1      | Reached XP level 2. HP: 9/19 MP: 1/4
   105 | D:1      | Learned a level 2 spell: Shroud of Golubria
   679 | D:1      | Reached XP level 3. HP: 24/24 MP: 1/5
  1394 | D:2      | Reached XP level 4. HP: 24/29 MP: 4/6
  1399 | D:2      | Learned a level 3 spell: Regeneration
  1921 | D:3      | Noticed Jessica
  1970 | D:2      | Reached skill level 1 in Translocations
  1970 | D:2      | Reached XP level 5. HP: 22/34 MP: 4/7
  2037 | D:3      | Reached skill level 1 in Necromancy
  2337 | D:3      | Killed Jessica
  2337 | D:3      | Reached XP level 6. HP: 35/39 MP: 9/9
  2447 | D:3      | Learned a level 3 spell: Spectral Weapon
  2544 | D:4      | Found a basalt altar of Yredelemnul.
  3489 | D:4      | Reached XP level 7. HP: 45/45 MP: 0/10
  3541 | D:4      | Found a burning altar of Makhleb.
  3542 | D:4      | Found a radiant altar of Vehumet.
  3560 | D:4      | Became a worshipper of Makhleb the Destroyer
  3592 | D:4      | Noticed Duvessa
  3644 | D:4      | HP: 2/45 [Duvessa/+0 rapier (8)]
  3659 | D:4      | Killed Duvessa
  3659 | D:4      | Reached skill level 1 in Hexes
  3726 | D:4      | Noticed Dowan
  3790 | D:4      | Killed Dowan
  4194 | D:5      | Entered Level 5 of the Dungeon
  4301 | D:5      | HP: 2/45 [worker ant (7)]
  4306 | D:5      | HP: 1/45 [poisoned by a worker ant]
  4311 | D:5      | HP: 1/45 [poisoned by a worker ant]
  4375 | D:5      | Splashed by a jelly's acid

Levels and vault maps discovered:
D:1:      saegor_arrival_under_anarchy, layout_basic, lemuel_flame_loot_1
D:2:      layout_rooms
D:3:      layout_loops_cross, uniq_jessica
D:4:      layout_basic, grunt_temple_overflow_lords_of_destruction,
          yredelemnul_altar_generic, first_ration, serial_bayou_lake_a,
          uniq_duvessa
D:5:      layout_loops_cross, minmay_temple_entry_sparse_star,
          guppyfry_shop_venom

Skill      XL: |  1  2  3  4  5  6  7 |
---------------+----------------------+-----
Fighting       | 2 |  2.6
Dodging        | 3 4 |  4.9
Short Blades   | 3 4 |  4.1
Armour         | 2 |  2.0
Translocations | 1 |  1.0
Spellcasting   | 2 |  2.4
Necromancy     | 1 2 |  2.0
Charms         | 4 |  4.6
Hexes          | 1 |  1.2

Action                   |  1- 3 |  4- 6 |  7- 9 || total
-------------------------+-------+-------+-------++-------
Melee: Short sword       |   164 |   110 |       ||   274
       Dagger            |       |   177 |   338 ||   515
 Fire: Hunting sling     |       |     3 |       ||     3
Throw: Stone             |     8 |     2 |     3 ||    13
       Dart              |       |       |     5 ||     5
 Cast: Infusion          |     4 |     1 |     2 ||     7
       Shroud of Golubri |    12 |    14 |     8 ||    34
       Regeneration      |       |     7 |     1 ||     8
       Spectral Weapon   |       |       |     3 ||     3
  Use: Potion            |       |     5 |     1 ||     6
 Stab: Sleeping          |     1 |     1 |       ||     2
       Distracted        |       |       |     1 ||     1
  Eat: Chunk             |     3 |     9 |     3 ||    15
Armor: Leather armour    |    24 |    74 |    34 ||   132
       Robe              |       |       |    56 ||    56
Dodge: Dodged            |   126 |   200 |   213 ||   539
